 Dungeon Crawl Stone Soup version 0.17.1-3-g152610e (webtiles) character file.

58 pipel the Skirmisher (level 3, -3/29 HPs)
             Began as a Mummy Chaos Knight on Mar 21, 2016.
             Slain by a thrashing horror (7 damage)
             ... on level 1 of the Abyss.
             The game lasted 00:04:35 (3070 turns).

pipel the Skirmisher (Mummy Chaos Knight)           Turns: 3070, Time: 00:04:35

Health: -3/29      AC:  7    Str: 16      XL:     3   Next: 75%
Magic:  3/3        EV:  9    Int: 10 (11) God:    Xom [.*....]
Gold:   93         SH:  0    Dex:  9 (11) Spells: 0 memorised, 2 levels left

rFire  x . .     SeeInvis .     a - +2 short sword (elec)
rCold  + . .     Clarity  .     g - +0 scale mail
rNeg   + + +     SustAt   .     (no shield)
rPois  ∞         Gourm    .     (no helmet)
rElec  .         Spirit   .     (no cloak)
rCorr  .         Warding  .     (no gloves)
rMut   .         Stasis   .     i - +0 pair of boots {run}
MR     .....                    (no amulet)
Stlth  ..........               (no ring)
                                l - ring of invisibility

@: quick, not resistant to hostile enchantments, extremely unstealthy
A: no food or potions, fire vulnerability, cold resistance 1, negative energy
resistance 3, torment resistance, unbreathing
a: Renounce Religion, Evoke Invisibility


You were on level 1 of the Abyss.
You worshipped Xom.
You were a plaything of Xom.
You were not hungry.

You visited 1 branch of the dungeon, and saw 2 of its levels.
You visited the Abyss 1 time.

You collected 93 gold pieces.

Inventory:

Hand Weapons
 a - a +2 short sword of electrocution (weapon)
 b - a +0 hunting sling
 h - a +0 mace of chaos
Missiles
 c - 56 arrows
 d - 24 stones (quivered)
 e - 34 sling bullets
 m - 6 needles of confusion
 n - 22 bolts
Armour
 g - a +0 scale mail (worn)
 i - a +0 pair of boots of running (worn)
 j - a +2 leather armour
Jewellery
 l - a ring of invisibility (left hand)
Scrolls
 f - 3 scrolls of identify {unknown}
 k - a scroll of recharging {unknown}
Miscellaneous
 o - a crystal ball of energy


   Skills:
 - Level 3.5 Fighting
 * Level 1.3 Short Blades
 - Level 2.6 Maces & Flails
 - Level 1.7 Armour
 - Level 1.4 Dodging
 - Level 0.1 Stealth


You had 2 spell levels left.
You didn't know any spells.

Dungeon Overview and Level Annotations

Branches:
Dungeon (2/15)

Altars:
Qazlal
Trog


Innate Abilities, Weirdness & Mutations

You do not eat or drink.
Your flesh is vulnerable to fire.
You are immune to poison.
Your flesh is cold resistant.
You are immune to negative energy.
You are immune to unholy pain and torment.
You can survive without breathing.


Message History

The thrashing horror tramples your shadow imp!
Your shadow imp holds its ground!
Your shadow imp dies!
The wretched star glows turbulently.
The orb of energy hits you!
Ouch! That really hurt!
* * * LOW HITPOINT WARNING * * *
Unknown command.
The small abomination hits your ufetubus!
Your ufetubus dies!
The thrashing horror tramples you but does no damage. x2
The thrashing horror roars!
You hear a shout!
The wretched star pulses with an eldritch light!
You feel clumsy. x2
You feel dopey. The thrashing horror tramples you.
* * * LOW HITPOINT WARNING * * *
You hold your ground!
The thrashing horror tramples you!
You die...
Xom thinks this is hilarious!

##.##.. §# #
#....#. §#.#
#..... ###x.
#...##..###
#....##.5#
###..#.##. #
#....##.#..#
......#.X*#*# #
♣≈≈....#@##.##.#
.
.#..#.#.#.#..#.#
. . #
..#..#...##.#
##.../ ≈ ...###
..*#..# .#.. ≈..
#..##.##.#.#..
#. #.
#...#......#.##
#....## ..# .#
..#


You could see a wretched star and a thrashing horror.

Vanquished Creatures
  An adder (D:2)
  6 bats
  6 giant cockroaches
  3 hobgoblins
  6 jackals
  A quokka (D:2)
  2 ball pythons (D:1)
  4 giant newts
  4 goblins
  6 kobolds
  7 rats
46 creatures vanquished.

Notes
Turn   | Place    | Note
--------------------------------------------------------------
     0 | D:1      | pipel the Mummy Chaos Knight began the quest for the Orb.
     0 | D:1      | Reached XP level 1. HP: 18/18 MP: 1/1
    20 | D:1      | XOM: divination: magic mapping
   135 | D:1      | Reached skill level 1 in Dodging
   142 | D:1      | Reached XP level 2. HP: 16/24 MP: 2/2
   305 | D:1      | XOM: divination: detect items
   354 | D:1      | Identified a +0 pair of boots of running (You found it on level 1 of the Dungeon)
   596 | D:1      | XOM: mild Ice miscast
   663 | D:2      | Noticed an earth elemental
   668 | D:2      | Found a stormy altar of Qazlal.
   669 | D:2      | Noticed a fire elemental
   669 | D:2      | Noticed an air elemental
   669 | D:2      | Noticed a water elemental
   749 | D:2      | XOM: divination: detect creatures
   799 | D:2      | Reached XP level 3. HP: 29/29 MP: 3/3
   829 | D:2      | Found a bloodstained altar of Trog.
  1269 | D:2      | Reached skill level 1 in Short Blades
  1581 | D:2      | XOM: medium Pois miscast
  2436 | D:1      | XOM: harmless Ice miscast
  2981 | D:1      | XOM: harmless Fire miscast
  3027 | D:1      | XOM is BORED!
  3027 | D:1      | XOM: medium Tloc miscast
  3027 | D:1      | Cast into the Abyss (the capriciousness of Xom)
  3045 | Abyss:1  | Noticed a wretched star
  3064 | Abyss:1  | Noticed a thrashing horror
  3064 | Abyss:1  | XOM: summons 3 friendly demons
  3070 | Abyss:1  | Slain by a thrashing horror

Action                   || total
-------------------------++-------
Melee: Mace              ||    54
       Short sword       ||    95
 Fire: Hunting sling     ||     8
